 Dungeon Crawl Stone Soup version 0.25.1-2-g60ff931df9 (webtiles) character file.

Game seed: 7757519882020253377

907 Chimkentus the Sneak (level 8, -2/54 HPs)
             Began as an Octopode Assassin on Aug 30, 2020.
             Was an Initiate of Wu Jian.
             Slain by an ice beast (9 damage)
             ... on level 5 of the Dungeon.
             The game lasted 00:21:19 (5619 turns).

Chimkentus the Sneak (Octopode Assassin)            Turns: 5619, Time: 00:21:20

Health: -2/54      AC:  1    Str: 10    XL:     8   Next: 8%
Magic:  8/8        EV: 15    Int: 14    God:    Wu Jian [......]
Gold:   211        SH:  5    Dex: 15    Spells: 7/7 levels left

rFire    . . .     SeeInvis .   a - +3 dagger
rCold    . . .     Gourm    .   t - +0 buckler (curse)
rNeg     . . .     Faith    +   (helmet restricted)
rPois    .         Spirit   .   k - amulet of faith
rElec    .         Reflect  .   (no ring)
rCorr    .         Harm     .   (no ring)
MR       .....                  (no ring)
Stlth    ++++......             (no ring)
HPRegen  0.18/turn              (no ring)
MPRegen  0.11/turn              (no ring)
                                (no ring)
                                (no ring)

@: no status effects
A: almost no armour, stealthy swim, amphibious, 8 rings, constrict 8, camouflage
1, gelatinous body 1
a: Renounce Religion


You were on level 5 of the Dungeon.
You worshipped Wu Jian.
Wu Jian was noncommittal.
You were hungry.

You visited 2 branches of the dungeon, and saw 6 of its levels.

You collected 211 gold pieces.

Inventory:

Hand Weapons
 a - a +3 dagger (weapon)
 f - a cursed -2 spear
 C - a +0 hunting sling
Missiles
 b - 18 poisoned darts
 c - a curare-tipped dart
 h - 143 stones
 m - 66 bolts
 n - 2 boomerangs (quivered)
 s - 54 arrows
Armour
 t - a cursed +0 buckler (worn)
Jewellery
 k - an amulet of faith (around mantle)
Wands
 y - a wand of polymorph (7)
 A - a wand of paralysis (5)
Scrolls
 e - 4 scrolls of enchant weapon
 p - 4 scrolls of remove curse
 v - a scroll of teleportation
Potions
 g - 2 potions of curing
 i - a potion of mutation {unknown}
 j - 2 potions of degeneration {unknown}
 l - a potion of flight {unknown}
 o - a potion of brilliance {unknown}
 q - 2 potions of magic {unknown}
 r - a potion of heal wounds {unknown}
 u - a potion of stabbing {unknown}
 w - a potion of berserk rage {unknown}
 x - a potion of cancellation {unknown}
 z - a potion of haste {unknown}
Comestibles
 d - 10 rations


   Skills:
 * Level 4.6 Fighting
 + Level 4.9 Short Blades
 + Level 4.1 Throwing
 * Level 4.1 Dodging
 - Level 5.3 Stealth
 * Level 2.7 Shields


You had 7 spell levels left.
You didn't know any spells.
Your spell library was empty.

Dungeon Overview and Level Annotations

Branches:
Dungeon (5/15)             Temple (1/1) D:5

Altars:
Ashenzari
Cheibriados
Dithmenos
Fedhas
Gozag
Hepliaklqana
Kikubaaqudgha
Makhleb
Nemelex Xobeh
Okawaru
Qazlal
Ru
Sif Muna
Trog
Uskayaw
Vehumet
Wu Jian
Xom
Yredelemnul
Zin
The Shining One

Annotations:
D:5 1 runed translucent door, Chimkentus's ghost, novice OpAs


Innate Abilities, Weirdness & Mutations

You cannot wear most types of armour.
You are very stealthy in the water. (Stealth+)
You are amphibious.
You can wear up to eight rings at the same time.
You can use your tentacles to constrict eight enemies at once.
Your skin changes colour to match your surroundings (Stealth+).
Your rubbery body absorbs attacks. (AC +1, EV +1)


Message History

Evoke which item? (* to show all) (? for menu, Esc to quit)
Aiming: Paralyse
Press: ? - help, Shift-Dir - straight line, f/p - ice beast
Aim: an ice beast (heavily wounded, chance to defeat MR: 46%)
The ice beast resists with some effort.
The ice beast hits you. The ice beast freezes you!
* * * LOW HITPOINT WARNING * * *
Evoke which item? (* to show all) (? for menu, Esc to quit)
Aiming: Paralyse
Press: ? - help, Shift-Dir - straight line, f/p - ice beast
Aim: an ice beast (heavily wounded, chance to defeat MR: 46%)
The ice beast resists with some effort.
The ice beast barely misses you.
Evoke which item? (* to show all) (? for menu, Esc to quit)
Aiming: Paralyse
Press: ? - help, Shift-Dir - straight line, f/p - ice beast
Aim: an ice beast (heavily wounded, chance to defeat MR: 46%)
The ice beast resists with some effort.
The ice beast hits you.
* * * LOW HITPOINT WARNING * * *
The ice beast freezes you!
You die...

#########
#........
##@#######
#..Y......
#.....####
#.....# ##'#.##
#### #.#.# #...
#.#.###########.#
#.#.............#
#.##########.##.#


You could see an ice beast.

Vanquished Creatures
  Menkaure (D:4)
  A phantom (D:5)
  A centaur (D:5)
  A howler monkey (D:5)
  2 crimson imps (D:5)
  A centaur zombie (D:5)
  A jelly (D:5)
  A hound (D:5)
  2 orc priests (D:3)
  4 worker ants
  4 gnolls
  11 adders
  3 adder skeletons
  An adder zombie (D:5)
  3 worms
  6 dart slugs
  5 leopard geckos
  10 orcs
  2 ball pythons
  7 bats
  5 giant cockroaches
  8 hobgoblins
  3 jackals (D:1)
  3 quokkas
  4 frilled lizards
  A goblin (D:1)
  3 kobolds
  8 rats
  A spectral orc (D:3)
103 creatures vanquished.

Notes
Turn   | Place    | Note
-------+----------+-------------------------------------------
     0 | D:1      | Chimkentus the Octopode Assassin began the quest for the
                  | Orb.
     0 | D:1      | Reached XP level 1. HP: 14/14 MP: 1/1
   317 | D:1      | Reached XP level 2. HP: 19/19 MP: 2/2
  1313 | D:2      | Reached XP level 3. HP: 21/25 MP: 3/3
  1608 | D:2      | Found a bloodstained altar of Trog.
  1705 | D:2      | Reached XP level 4. HP: 30/30 MP: 4/4
  2334 | D:3      | Reached XP level 5. HP: 36/36 MP: 5/5
  2341 | D:3      | Found a snail-covered altar of Cheibriados.
  2352 | D:3      | Found a glowing silver altar of Zin.
  2973 | D:3      | Reached XP level 6. HP: 42/42 MP: 6/6
  2996 | D:3      | Reached skill level 1 in Shields
  3192 | D:3      | Found a basalt altar of Yredelemnul.
  3384 | D:4      | Noticed a +0 dagger
  3384 | D:4      | Noticed a -2 dagger
  3386 | D:4      | Found a hide-covered altar of Uskayaw.
  3400 | D:4      | Found a snail-covered altar of Cheibriados.
  3405 | D:4      | Found a shattered altar of Ashenzari.
  4040 | D:4      | Found a stormy altar of Qazlal.
  4042 | D:4      | Noticed Menkaure
  4051 | D:4      | Killed Menkaure
  4051 | D:4      | Reached XP level 7. HP: 22/48 MP: 7/7
  4360 | D:4      | Found a sparkling altar of Nemelex Xobeh.
  4453 | D:5      | Entered Level 5 of the Dungeon
  4583 | D:5      | Found a staircase to the Ecumenical Temple.
  4595 | Temple   | Entered the Ecumenical Temple
  4668 | Temple   | Became a worshipper of the Wu Jian Council
  5149 | D:5      | Found a runed translucent door.
  5210 | D:5      | Noticed Chimkentus's ghost (novice OpAs)
  5450 | D:5      | Reached XP level 8. HP: 38/54 MP: 8/8
  5619 | D:5      | Slain by an ice beast

Illustrated notes

Levels and vault maps discovered:
D:1:      tarquinn_simple_flora_water_e, layout_basic, minivault_27
D:2:      layout_basic, marbit_many_paths
D:3:      layout_rooms, lemuel_round_altar, yredelemnul_forgotten_temple_becter,
          kennysheep_slug_shrine
D:4:      layout_rooms, dancing_weapons_uskayaw, nemelex_altar_shiori,
          overflow_temple_1_default, nicolae_overflow_crystal_walls,
          ashenzari_altar_1, uniq_menkaure
D:5:      layout_basic, minmay_temple_entry_stoned_glass, ebering_ghost_sewer_d,
          first_ration
Temple:   eino_narrow_crystal_temple

Skill      XL: |  1  2  3  4  5  6  7 |
---------------+----------------------+-----
Dodging        | 2 3 4 |  4.1
Fighting       | 3 4 |  4.6
Short Blades   | 3 4 |  4.9
Shields        | 1 2 |  2.7
Throwing       | 3 4 |  4.1
Stealth        | |  5.3

Action                   |  1- 3 |  4- 6 |  7- 9 || total
-------------------------+-------+-------+-------++-------
Melee: Dagger            |    43 |   127 |    72 ||   242
       Tentacles         |     8 |    24 |    14 ||    46
       Constrict         |    14 |    34 |     8 ||    56
Throw: Dart              |     3 |    23 |     5 ||    31
       Boomerang         |       |     8 |    36 ||    44
Invok: Lunge             |       |       |     3 ||     3
Evoke: Wand              |       |       |     3 ||     3
  Use: Scroll            |     2 |     2 |     2 ||     6
       Potion            |       |       |     1 ||     1
 Stab: Sleeping          |    11 |    10 |     4 ||    25
       Distracted        |       |     1 |       ||     1
  Eat: Chunk             |     2 |     8 |     4 ||    14
Armor: Skin              |     1 |     7 |     1 ||     9
Dodge: Dodged            |    15 |    66 |    26 ||   107
Block: Buckler           |       |    18 |     7 ||    25
